 Dungeon Sprint DCSS version 0.19.1-1-g22dce08 (webtiles) character file.

475 Slime the Fighter (level 6, -15/68 HPs)
             Began as a Minotaur Fighter on Jan 1, 2017.
             Was a Follower of Okawaru.
             Killed from afar by a molten gargoyle (31 damage)
             ... with a bolt of magma
             ... in the Dungeon (Sprint VII: "The Pits").
             The game lasted 00:02:33 (303 turns).

Slime the Fighter (Minotaur Fighter)                 Turns: 303, Time: 00:02:34

Health: -15/68     AC: 12    Str: 22    XL:     6   Next: 84%
Magic:  10/10      EV:  7    Int:  5    God:    Okawaru [*.....]
Gold:   0          SH:  0    Dex: 10    Spells: 0 memorised, 5 levels left

rFire  . . .     SeeInvis .     l - +2 quarterstaff (drain)
rCold  . . .     Gourm    .     s - +3 chain mail
rNeg   . . .     Faith    .     (shield currently unavailable)
rPois  .         Spirit   .     (helmet restricted)
rElec  .         Reflect  .     (no cloak)
rCorr  .         Harm     .     (no gloves)
MR     .....     NoTele   +     (no boots)
Stlth  ..........               (no amulet)
                                (no ring)
                                (no ring)

@: no status effects
A: retaliatory headbutt, horns 2
a: Heroism, Renounce Religion


You were in the Dungeon.
You worshipped Okawaru.
Okawaru was aware of your devotion.
You were not hungry.

You visited 1 branch

Inventory:

Hand Weapons
 a - a +0 trident
 l - a +2 quarterstaff of draining (weapon)
 u - a +2 quarterstaff of speed
Armour
 b - a +0 scale mail
 c - a +0 shield
 s - a +3 chain mail (worn)
 t - a +3 ring mail
Scrolls
 k - a scroll of blinking
 n - 3 scrolls of remove curse
 o - 5 scrolls of amnesia
 p - a scroll of summoning
Potions
 d - a potion of might
 e - 6 potions of curing
 g - 6 potions of heal wounds
 h - a potion of haste
 i - 4 potions of magic
 j - 3 potions of berserk rage
 m - 2 potions of invisibility
Comestibles
 f - 8 bread rations
 q - 40 fruits
 r - 7 meat rations


   Skills:
 - Level 11.0 Fighting
 - Level 2.4(7.2) Polearms
 + Level 10.6(10.8) Staves
 - Level 3.6 Armour
 - Level 3.6 Shields
 - Level 7.3 Invocations


You had 5 spell levels left.
You didn't know any spells.

Dungeon Overview and Level Annotations

Branches:
Dungeon (1/1)

Altars:
Ashenzari
Cheibriados
Dithmenos
Elyvilon
Fedhas
Gozag
Hepliaklqana
Kikubaaqudgha
Makhleb
Nemelex Xobeh
Okawaru
Qazlal
Ru
Sif Muna
Trog
Uskayaw
Vehumet
Xom
Yredelemnul
Zin
The Shining One
Beogh
Jiyva
Lugonu


Innate Abilities, Weirdness & Mutations

You reflexively headbutt those who attack you in melee.
You have a pair of horns on your head.


Message History

The molten gargoyle blasts magma at you!
The bolt of magma hits you!
You sock the wight!
The wight is almost destroyed.
You thump the wight!
You destroy the wight!
Okawaru accepts your kill.
The molten gargoyle hits you with a mace!
You are engulfed in flames!
The molten gargoyle blasts magma at you!
The bolt of magma hits you!
* * * LOW HITPOINT WARNING * * *
There is an open door here.
Things that are here:
an enchanted great sword; a robe; a club You hit the molten gargoyle but do no damage.
The molten gargoyle is heavily damaged.
The molten gargoyle blasts magma at you!
The bolt of magma hits you!
You die...

#.#........##.......#
#.#........##.......#
#)###########.......#
#.......#..##########
#.###...#.######
#.#.....#)#....#
#.#...#.#'#z...#
#.....#.#.9F...+
#...###.#@#....#
#.......'.# ...#
########### ###


You could see a spiny frog, a molten gargoyle and a wight.

Vanquished Creatures
  2 floating eyes (D)
  2 wights (D)
  A jelly (D)
  3 orc priests (D)
  A worker ant (D)
  A mummy (D)
  A river rat (D)
  2 white imps (D)
  An ufetubus (D)
  An ooze (D)
  A leopard gecko (D)
  A giant cockroach (D)
  2 goblins (D)
  A hobgoblin (D)
  A bat (D)
  A giant cockroach zombie (D)
  A kobold (D)
23 creatures vanquished.

Notes
Turn   | Place    | Note
-------+----------+-------------------------------------------
     0 | D        | Slime the Minotaur Fighter began the quest for the Orb.
     0 | D        | Reached XP level 1. HP: 19/19 MP: 0/0
    11 | D        | Noticed a floating eye
    13 | D        | Paralysed by a floating eye for 2 turns
    15 | D        | Killed a floating eye
    15 | D        | Reached skill level 11 in Fighting
    15 | D        | Reached XP level 2. HP: 40/40 MP: 1/1
    15 | D        | Reached XP level 3. HP: 47/47 MP: 2/2
    15 | D        | Reached XP level 4. HP: 55/55 MP: 3/3
    67 | D        | Found a radiant altar of Vehumet.
    67 | D        | Found a hide-covered altar of Uskayaw.
    67 | D        | Found an ancient bone altar of Kikubaaqudgha.
    67 | D        | Found a viscous altar of Jiyva.
    67 | D        | Found a hazy altar of Hepliaklqana.
    68 | D        | Found a bloodstained altar of Trog.
    68 | D        | Found a deep blue altar of Sif Muna.
    68 | D        | Found a sacrificial altar of Ru.
    68 | D        | Found a stormy altar of Qazlal.
    68 | D        | Found an iron altar of Okawaru.
    68 | D        | Found a sparkling altar of Nemelex Xobeh.
    68 | D        | Found an opulent altar of Gozag.
    68 | D        | Found a blossoming altar of Fedhas.
    68 | D        | Found a white marble altar of Elyvilon.
    68 | D        | Found a shadowy altar of Dithmenos.
    68 | D        | Found a snail-covered altar of Cheibriados.
    69 | D        | Found a glowing golden altar of the Shining One.
    69 | D        | Found a glowing silver altar of Zin.
    70 | D        | Found a burning altar of Makhleb.
    70 | D        | Found a basalt altar of Yredelemnul.
    70 | D        | Found a roughly hewn altar of Beogh.
    71 | D        | Found a corrupted altar of Lugonu.
    71 | D        | Found a shimmering altar of Xom.
    71 | D        | Found a shattered altar of Ashenzari.
    76 | D        | Became a worshipper of Warmaster Okawaru
   100 | D        | Reached skill level 1 in Staves
   118 | D        | Reached skill level 5 in Staves
   118 | D        | Reached XP level 5. HP: 56/60 MP: 4/4
   197 | D        | Noticed a floating eye
   204 | D        | Paralysed by a floating eye for 3 turns
   209 | D        | Killed a floating eye
   211 | D        | Reached XP level 6. HP: 67/68 MP: 4/10
   254 | D        | Reached * piety under Okawaru
   295 | D        | Noticed a spiny frog
   295 | D        | Noticed a molten gargoyle
   297 | D        | Reached skill level 10 in Staves
   303 | D        | Killed from afar by a molten gargoyle

Skill      XL: |  1  2  3  4  5  6 |
---------------+-------------------+-----
Fighting       | 11 | 11.0
Staves         | 5 10 | 10.6
Invocations    | 7 |  7.3
Polearms       | |  2.4
Armour         | |  3.6
Shields        | |  3.6

Action                   |  1- 3 |  4- 6 || total
-------------------------+-------+-------++-------
Melee: Trident           |     2 |       ||     2
       Headbutt          |     1 |     8 ||     9
       Quarterstaff      |       |    46 ||    46
Armor: Scale mail        |       |    10 ||    10
       Chain mail        |       |     1 ||     1
Dodge: Dodged            |       |    15 ||    15
